 Dungeon Crawl Stone Soup version 0.19-a0-683-g5f2401d (webtiles) character file.

42 Ijustatesigmund the Magician (level 3, 0/21 HPs)
             Began as an Octopode Wizard on June 17, 2016.
             Slain by a goblin
             ... wielding a +0 dagger
             ... led by Robin
              (4 damage)
             ... on level 1 of the Dungeon.
             The game lasted 00:05:38 (1520 turns).

Ijustatesigmund the Magician (Octopode Wizard)      Turns: 1520, Time: 00:05:39

Health: 0/21       AC:  1    Str:  6    XL:     3   Next: 56%
Magic:  7/7        EV: 12    Int: 20    God:
Gold:   54         SH:  0    Dex: 11    Spells: 3 memorised, 3 levels left

rFire  . . .     SeeInvis .     k - +3 dagger (venom)
rCold  . . .     Gourm    .     (no shield)
rNeg   . . .     Faith    .     a - +0 hat
rPois  .         Spirit   .     (no amulet)
rElec  .         Dismiss  .     (no ring)
rCorr  .         Reflect  .     (no ring)
SustAt .         Harm     .     (no ring)
MR     .....                    (no ring)
Stlth  +++.......               (no ring)
                                (no ring)
                                (no ring)
                                (no ring)

@: not resistant to hostile enchantments, fairly stealthy
A: almost no armour, amphibious, 8 rings, constrict 8, camouflage 1, gelatinous
body 1
a: no special abilities


You were on level 1 of the Dungeon.
You were not hungry.

You visited 1 branch of the dungeon, and saw 2 of its levels.

You collected 54 gold pieces.

Inventory:

Hand Weapons
 k - a +3 dagger of venom (weapon)
Armour
 a - a +0 hat (worn)
Scrolls
 f - a scroll of blinking
Potions
 e - a potion of curing {unknown}
 j - a potion of magic {unknown}
Books
 b - a book of Minor Magic

   Spells                             Type                      Level
   a - Magic Dart                     Conjuration                  1
   b - Blink                          Translocation                2
   c - Call Imp                       Summoning                    2
   d - Repel Missiles                 Charms/Air                   2
   e - Slow                           Hexes                        2
   f - Conjure Flame                  Conjuration/Fire             3
   g - Mephitic Cloud                 Conjuration/Poison/Air       3
Comestibles
 c - 2 bread rations
 d - 2 meat rations
 h - a fruit


   Skills:
 + Level 0.8 Short Blades
 - Level 2.0 Dodging
 - Level 2.6 Stealth
 - Level 3.0 Spellcasting
 - Level 3.0 Conjurations
   Level 1.0 Summonings
 + Level 1.3 Translocations


You had 3 spell levels left.
You knew the following spells:

 Your Spells              Type           Power        Failure   Level  Hunger
a - Magic Dart            Conj           ###.         4%          1    None
b - Blink                 Tloc           N/A          14%         2    ##.....
c - Repel Missiles        Chrm/Air       #.....       24%         2    ##.....


Dungeon Overview and Level Annotations

Branches:
Dungeon (2/15)

Altars:

Annotations:
D:2 Robin


Innate Abilities, Weirdness & Mutations

You cannot wear most types of armour.
You are amphibious.
You can wear up to eight rings at the same time.
You can use your tentacles to constrict eight enemies at once.
Your skin changes colour to match your surroundings (Stealth+).
Your rubbery body absorbs attacks. (AC +1)


Message History

HP restored.
There is a stone staircase leading down here.
You climb downwards.
Level annotation: Robin The goblin misses you.
The goblin shoots a stone.
The stone closely misses you. The goblin hits you with a dagger.
The goblin misses you.
The kobold shouts!
There is a stone staircase leading up here.
You see here 2 stones.
Robin shouts!
The goblin shouts!
You hear a shout! x2
The goblin shoots a stone.
The stone hits you! The goblin hits you with a dagger. The goblin hits you.
* * * LOW HITPOINT WARNING * * *
You climb upwards.
There is a stone staircase leading down here.
Okay, then.
You closely miss the goblin. You grab the goblin. You squeeze the goblin.
The goblin is moderately wounded.
You constrict the goblin. The goblin hits you with a dagger.
You die...

########### ######### #.........#
..).(...#######.......(.#
........#...............##
..........#####.[........#
........### ##.........#
........# #g÷.......# ........#
#@........# # .#####..##
#g........# #
.##(.##..#########.(###### #
##....#...............######## ##
#..≈..##............#........###.
...≈≈..#........#..........#..##.
...≈≈..#...........#######.#####.
....≈≈.##..........### #..# #.
≈≈......#............## ##.####.


You could see 2 goblins.

Vanquished Creatures
  6 bats
  3 giant cockroaches (D:1)
  8 goblins
  3 hobgoblins
  3 jackals (D:1)
  2 giant newts (D:1)
  7 kobolds
  6 rats (D:1)
38 creatures vanquished.

Notes
Turn   | Place    | Note
--------------------------------------------------------------
     0 | D:1      | Ijustatesigmund the Octopode Wizard began the quest for the Orb.
     0 | D:1      | Reached XP level 1. HP: 11/11 MP: 4/4
   203 | D:1      | Reached XP level 2. HP: 17/17 MP: 0/6
   858 | D:1      | Reached XP level 3. HP: 21/21 MP: 4/7
   983 | D:1      | Learned a level 2 spell: Blink
   986 | D:1      | Learned a level 2 spell: Repel Missiles
  1165 | D:2      | Noticed Robin
  1520 | D:1      | Slain by a goblin

Vault maps used:
D:1:      dpeg_arrival_subterranean_lakeside_camping, hangedman_decor_points,
          minmay_misc_feat_rows
D:2:      nicolae_overflow_hidden_temple, old_standard_altar,
          lemuel_crystal_altar, kennysheep_another_room, uniq_robin

Skill      XL: |  1  2  3 |
---------------+----------+-----
Conjurations   | 2 3 |  3.0
Short Blades   | |  0.8
Dodging        | |  2.0
Stealth        | |  2.6
Spellcasting   | |  3.0
Summonings     | |  1.0
Translocations | |  1.3

Action                   || total
-------------------------++-------
Melee: Unarmed           ||     5
       Constrict         ||     9
       Dagger            ||    27
       Tentacles         ||     3
 Cast: Magic Dart        ||    64
       Repel Missiles    ||     1
  Use: Scroll            ||     2
 Stab: Sleeping          ||     1
  Eat: Chunk             ||     2
Armor: Skin              ||     6
Dodge: Dodged            ||    35
       Deflected         ||     2
